 Dungeon Crawl Stone Soup version 0.30.0-29-ga12c61a403 (webtiles) character file.

Game seed: 8225126063646147984

5 ChrisAssaf the Vexing (level 1, -3/15 HPs)
             Began as a Draconian Enchanter on June 14, 2023.
             Slain by a kobold
             ... wielding a +1 short sword of electrocution
              (15 damage)
             ... on level 1 of the Dungeon.
             The game lasted 00:00:47 (228 turns).

ChrisAssaf the Vexing (Draconian Enchanter)          Turns: 228, Time: 00:00:48

Health: -3/15      AC:  4    Str: 10    XL:     1   Next: 66%
Magic:  3/3        EV: 12    Int: 15    God:
Gold:   20         SH:  0    Dex: 11    Spells: 4/4 levels left

rFire   . . .        a - +1 dagger
rCold   . . .        (no shield)
rNeg    . . .        (body armour unavailable)
rPois   .            (helmet restricted)
rElec   .            (no cloak)
rCorr   .            (no gloves)
SInv    .            (no boots)
Will    .....        (no amulet)
Stlth   ++           (no ring)
HPRegen 0.22/turn    (no ring)
MPRegen 0.08/turn

%: no passive effects
@: no status effects
A: AC +4, unfitting armour, cold-blooded
a: no special abilities


You were on level 1 of the Dungeon.
You visited 1 branch of the dungeon, and saw 1 of its levels.

You collected 20 gold pieces.

Inventory:

Hand Weapons
 a - a +1 dagger (weapon)
Potions
 b - 2 potions of invisibility
 c - a potion of brilliance {unknown}


   Skills:
 * Level 0.4 Fighting
 * Level 1.0 Short Blades
 * Level 1.8 Dodging
 * Level 2.7 Stealth
 * Level 2.0 Spellcasting
 * Level 2.8 Hexes


You had 4 spell levels left.
You didn't know any spells.
Your spell library contained the following spells:

 Spells                   Type           Power      Damage    Failure   Level
 Ensorcelled Hibernation  Hex/Ice        10%        N/A       19%         2
 Confusing Touch          Hex            9%         N/A       22%         3
 Tukima's Dance           Hex            9%         N/A       22%         3
 Dazzling Flash           Conj/Hex       10%        N/A       36%         3


Dungeon Overview and Level Annotations

Branches:
Dungeon (1/15)

Altars:


Innate Abilities, Weirdness & Mutations

Your plain brown scales are hard. (AC +4)
You cannot fit into any form of body armour.
You are cold-blooded and may be slowed by cold attacks.


Message History

You closely miss the ball python. You tail-slap the ball python.
You kill the ball python!
You start resting.
HP restored.
You see here a staff of poison.
You see here a ball python corpse.
You see here a frilled lizard corpse.
A kobold comes into view. It is wielding a +0 whip.
The kobold shouts!
The kobold hits you with a +0 whip.
You hit the kobold.
The kobold is heavily wounded.
The kobold hits you with a +0 whip.
You hit the kobold.
The kobold is severely wounded.
The kobold barely misses you.
You hit the kobold.
You kill the kobold!
You see here a +0 whip.
A kobold comes into view.
It is wielding a +1 short sword of electrocution.
An endoplasm comes into view.
You see here an emerald potion.
You see here an emerald potion.
c - an emerald potion The endoplasm quivers.
The kobold shouts!
The kobold throws a stone.
The stone barely misses you. The endoplasm attacks as you move away!
The endoplasm hits you.
You hit the endoplasm.
The endoplasm is lightly wounded.
The endoplasm hits you but does no damage.
You completely miss the endoplasm.
The endoplasm is lightly wounded.
The endoplasm hits you but does no damage.
You hit the endoplasm.
The endoplasm is severely wounded.
The kobold hits you with a +1 short sword of electrocution.
You are electrocuted!
Ouch! That really hurt!
You die...

#...)##.....###
#..............
#..............
.##.
#..............
...
#..............
...
##.............
..
#..######...##
#. #KJ# ...# #.
#.@# ..# #.
#..# ## ##
#..## #+# #|
#...# +....+.
#...## #.##.##
#..†.# #.#..#
###..## #....
#†..# .##....
#.#.## ...##.#


You could see an endoplasm and a kobold.

Vanquished Creatures
  A ball python (D:1)
  A hobgoblin (D:1)
  A frilled lizard (D:1)
  2 kobolds (D:1)
5 creatures vanquished.

Notes
Turn   | Place    | Note
-------+----------+-------------------------------------------
     0 | D:1      | ChrisAssaf the Draconian Enchanter began the quest for the
                  | Orb.
     0 | D:1      | Reached XP level 1. HP: 14/14 MP: 3/3
   228 | D:1      | Slain by a kobold

Illustrated notes

Levels and vault maps discovered:
D:1:      arrival_zaba_pyramid, layout_rooms

Action                     || total
---------------------------++-------
  Melee: Dagger            ||    29
         Tailslap          ||     2
   Stab: Sleeping          ||     1
 Armour: Skin              ||     8
  Dodge: Dodged            ||    15
